 Dungeon Crawl Stone Soup version bcrawl-1.17.3 (webtiles) character file.

Game seed: 552218165064601092

518 Gumption the Vexing (level 7, 0/57 HPs)
             Began as a Naga Arcane Marksman on Oct 24, 2019.
             Slain by an orc wizard
             ... wielding a +0 dagger
              (3 damage)
             ... on level 4 of the Dungeon.
             The game lasted 01:17:13 (4802 turns).

Gumption the Vexing (Naga Arcane Marksman)          Turns: 4802, Time: 01:17:14

Health: 0/57       AC:  4    Str: 12    XL:     7   Next: 21%
Magic:  11/12      EV: 10    Int: 16    God:
Gold:   172        SH:  4    Dex: 11    Spells: 2/12 levels left

rFire    . . .     SeeInvis +   b - +3 dagger
rCold    . . .     Gourm    .   g - +0 buckler
rNeg     . . .     Faith    .   y - +0 robe
rPois    +         Spirit   .   (no helmet)
rElec    .         Reflect  .   t - +0 cloak
rCorr    .         Harm     .   (no gloves)
MR       +....                  (no barding)
Stlth    ++++......             (no amulet)
HPRegen  0.19/turn              n - ring of protection from magic
MPRegen  0.13/turn              r - ring of stealth

@: very slow
A: large, see invisible, deformed body, poison resistance, slowness 2, slow
metabolism 1, spit poison 1, AC +2
a: Spit Poison


You were on level 4 of the Dungeon.
You were not hungry.

You visited 1 branch of the dungeon, and saw 4 of its levels.

You collected 172 gold pieces.

Inventory:

Hand Weapons
 a - a +0 hand crossbow
 b - a +3 dagger (weapon)
 x - a +0 spear
Missiles
 f - 69 bolts
 u - 63 tomahawks (quivered)
 w - a throwing net {!f}
Armour
 g - a +0 buckler (worn)
 t - a +0 cloak (worn)
 y - a +0 robe (worn)
Jewellery
 d - an uncursed ring of positive energy
 m - an uncursed ring of resist corrosion
 n - a ring of protection from magic (left hand)
 o - an uncursed ring of wizardry
 r - a ring of stealth (right hand)
Wands
 k - a wand of digging (8)
 v - a wand of iceblast (3)
Scrolls
 c - a scroll of amnesia {unknown}
 h - 2 scrolls of remove curse
 i - 3 scrolls of magic mapping
 p - 3 scrolls of identify
 s - a scroll of fear {unknown}
Potions
 q - 2 potions of flight
Comestibles
 e - 12 rations {!d}
 j - a chunk of flesh


   Skills:
 + Level 1.1 Fighting
 + Level 3.3 Crossbows
 - Level 1.5 Dodging
 + Level 2.2 Stealth
 - Level 2.4 Shields
 + Level 3.4 Spellcasting
 * Level 5.4 Hexes


You had 2 spell levels left.
You knew the following spells:

 Your Spells              Type           Power        Failure   Level  Hunger
a - Shackle               Hex            ###.....     3%          2    ##.....
b - Corona                Hex            ###....      1%          1    None
c - False Image           Hex/Summ       ##......     19%         3    ###....
d - Cause Fear            Hex            ###.......   19%         4    ####...

Your spell library contained the following spells:

 Spells                   Type           Power        Failure   Level  Hunger
 Inner Flame              Hex/Fire       N/A          19%         3    ###....
 Yara's Violent Unravell  Hex/Tmut       ##........   52%         4    ####...


Dungeon Overview and Level Annotations

Branches:
Dungeon (4/12)
 Temple: D:4-7

Altars:
Vehumet
The Shining One

Annotations:
D:3 3 runed translucent doors, exclusion: downstairs, dscm's ghost, weakling OpAc; kroki's ghost, amateur OpTm


Innate Abilities, Weirdness & Mutations

You cannot wear boots.
Your serpentine skin is tough. (AC +2)
You have supernaturally acute eyesight. (SInv)
Armour fits poorly on your strangely shaped body.
Your system is resistant to poisons. (rPois)
You cover ground very slowly.
You have a slow metabolism.
You can spit poison.


Message History

* * * LOW HITPOINT WARNING * * *
The orc hits you from afar with a cursed +0 trident.
* * * LOW HITPOINT WARNING * * *
You hit the orc wizard.
The orc wizard is severely wounded.
The orc hits you with a +0 hand axe.
* * * LOW HITPOINT WARNING * * *
The sky beast barely misses you.
The orc wizard hits you but does no damage.
The orc hits you from afar with a cursed +0 trident.
* * * LOW HITPOINT WARNING * * *
You closely miss the orc wizard.
The orc wizard is severely wounded.
The orc wizard hits you but does no damage.
You block the sky beast's attack. The orc closely misses you.
You hit the orc wizard.
The orc wizard is almost dead.
The orc barely misses you. The orc hits you but does no damage.
The orc wizard hits you with a +0 dagger.
You die...

.# ############.#
##............#
##.≈.≈.≈.≈.≈.≈.# #
######.♣...♣...♣...♣.
#.#
#.....≈.≈.≈.≈.≈.≈.≈.≈#
####..
#.####...♣...♣...♣....
.>.... #.#
#≈.≈.≈.oo≈.≈.≈.≈# ###.##
#.# #.♣...♣@.o♣..†♣. #.#
#≈.≈.≈.oY≈.≈.≈.≈# #.#
#..[♣...♣≈..♣.... #.#
##≈.≈.≈.≈.≈.≈.≈.≈. #.#
#..♣...♣...♣..$♣
##.###.≈.≈.≈.≈.≈.≈.≈.≈
##.........♣...♣...♣?..#
#....###≈.≈.≈.≈.≈.≈.≈.≈#
## #....# #.♣...♣...
#####.


You could see a sky beast (invisible), an orc wizard and 3 orcs.

Vanquished Creatures
  Sigmund (D:4)
  An ogre (D:4)
  2 centaur skeletons (D:4)
  A hound (D:4)
  An iguana (D:4)
  A bullfrog skeleton (D:3)
  A worker ant (D:4)
  5 adders
  3 oozes
  4 worms
  2 dart slugs
  5 orcs
  A ball python (D:4)
  4 giant cockroaches
  9 hobgoblins
  3 jackals (D:4)
  2 quokkas
  3 bats
  A frilled lizard (D:1)
  7 goblins
  3 kobolds
  A quokka skeleton (D:4)
  8 rats
69 creatures vanquished.

Vanquished Creatures (others)
  A withered plant (D:3)
1 creature vanquished.

Grand Total: 70 creatures vanquished

Notes
Turn   | Place    | Note
-------+----------+-------------------------------------------
     0 | D:1      | Gumption the Naga Arcane Marksman began the quest for the
                  | Orb.
     0 | D:1      | Reached XP level 1. HP: 18/18 MP: 3/3
   330 | D:1      | Reached XP level 2. HP: 25/25 MP: 5/5
   355 | D:1      | Reached skill level 1 in Stealth
   764 | D:1      | Learned a level 2 spell: Shackle
  1428 | D:2      | Reached XP level 3. HP: 31/31 MP: 6/6
  1697 | D:2      | Learned a level 3 spell: False Image
  2364 | D:3      | Reached XP level 4. HP: 38/38 MP: 4/7
  2465 | D:3      | Reached skill level 1 in Shields
  2465 | D:3      | Reached skill level 4 in Hexes
  3226 | D:3      | Found a radiant altar of Vehumet.
  3306 | D:3      | Reached XP level 5. HP: 43/44 MP: 4/8
  3536 | D:3      | Found a runed translucent gate.
  3536 | D:3      | Found a runed translucent gate.
  3536 | D:3      | Found a runed translucent gate.
  3616 | D:3      | Noticed dscm's ghost (weakling OpAc)
  3742 | D:3      | Noticed kroki's ghost (amateur OpTm)
  3777 | D:4      | Noticed Sigmund
  3877 | D:4      | Noticed an ogre
  3893 | D:4      | Killed an ogre
  3893 | D:4      | Reached XP level 6. HP: 51/51 MP: 4/10
  4305 | D:4      | Found a glowing golden altar of the Shining One.
  4402 | D:4      | Killed Sigmund
  4402 | D:4      | Reached skill level 5 in Hexes
  4402 | D:4      | Reached XP level 7. HP: 38/57 MP: 5/12
  4408 | D:4      | Learned a level 4 spell: Cause Fear
  4800 | D:4      | HP: 2/57 [orc/cursed +0 trident (2)]
  4802 | D:4      | Slain by an orc wizard

Skill      XL: |  1  2  3  4  5  6 |
---------------+-------------------+-----
Stealth        | 1 2 |  2.2
Crossbows      | 2 3 |  3.3
Shields        | 1 2 |  2.4
Hexes          | 4 5 |  5.4
Spellcasting   | 3 |  3.4
Fighting       | |  1.1
Dodging        | |  1.5

Action                   |  1- 3 |  4- 6 |  7- 9 || total
-------------------------+-------+-------+-------++-------
Melee: Dagger            |   102 |    45 |    13 ||   160
 Fire: Hand crossbow     |    47 |   111 |    13 ||   171
 Cast: Shackle           |     6 |    24 |     3 ||    33
       False Image       |       |     2 |     1 ||     3
  Use: Scroll            |     4 |     2 |       ||     6
       Potion            |       |     2 |       ||     2
 Stab: Sleeping          |     1 |       |       ||     1
  Eat: Chunk             |     4 |     4 |     1 ||     9
       Ration            |       |     1 |       ||     1
Armor: Leather armour    |    46 |       |       ||    46
       Robe              |     1 |     5 |     3 ||     9
Dodge: Dodged            |    61 |    25 |     8 ||    94
Block: Buckler           |     2 |     8 |     3 ||    13
